 Dungeon Crawl Stone Soup version 0.30.0-20-g3615ddf2f0 (webtiles) character file.

Game seed: 11451590696188909653

2221 qw the Cleaver (level 9, 0/55 HPs)
             Began as a Gargoyle Fighter on June 1, 2023.
             Shot with an arrow by a centaur (5 damage)
             ... on level 8 of the Dungeon.
             The game lasted 00:02:36 (5515 turns).

qw the Cleaver (Gargoyle Fighter)                   Turns: 5515, Time: 00:02:37

Health: 0/55       AC: 21    Str: 24    XL:     9   Next: 35%
Magic:  9/9        EV:  7    Int:  9    God:
Gold:   196        SH:  4    Dex:  9    Spells: 8/8 levels left

rFire   + . .        Y - +1 war axe (drain)
rCold   . . .        c - +0 buckler
rNeg    + . .        g - +0 plate armour
rPois   inf          n - +0 helmet
rElec   +            q - +0 cloak
rCorr   .            (no gloves)
SInv    .            (no boots)
Will    .....        b - amulet of the acrobat Stlth
                     i - +4 ring of slaying {mikee}
HPRegen 0.29/turn    h - ring of protection from fire
MPRegen 0.11/turn

%: acrobat
@: about to teleport
A: sickness immunity, AC +6, negative energy resistance 1, electricity
resistance, torment resistance 1, petrification resistance
a: no special abilities


You were on level 8 of the Dungeon.
You visited 1 branch of the dungeon, and saw 7 of its levels.
You also visited: Sewer.

You collected 397 gold pieces.
You spent 201 gold pieces at shops.


Innate Abilities, Weirdness & Mutations

You are immune to sickness and miasma.
Your stone body is resilient. (AC +6)
You are immune to poison.
You resist negative energy. (rN+)
You are resistant to electric shocks. (rElec)
You are resistant to unholy torment.
You are immune to petrification.


   Skills:
 - Level 6.1 Fighting
 - Level 9.0 Axes
 - Level 1.0 Throwing
 + Level 5.7 Armour
 - Level 1.2 Dodging
 - Level 4.4 Shields


You had 8 spell levels left.
You didn't know any spells.
Your spell library was empty.

Inventory:

Hand Weapons
 s - the +7 whip of Intuition {freeze, rF+++ Dex+3 Stlth-}
   (You found it on level 4 of the Dungeon)

   Dex:       It affects your dexterity (+3).
   rF:        It renders you almost immune to fire.
   Stlth:     It makes you less stealthy.
 Y - a +1 war axe of draining (weapon)
Missiles
 j - 8 boomerangs (quivered)
Armour
 c - a +0 buckler (worn)
 g - a +0 plate armour (worn)
 n - a +0 helmet (worn)
 q - a +0 cloak (worn)
Jewellery
 b - an amulet of the acrobat (around neck)
 h - a ring of protection from fire (right hand)
 i - a +4 ring of slaying (left hand) {mikee}
 t - a ring of willpower
Scrolls
 m - 3 scrolls of identify
 o - 2 scrolls of teleportation
Potions
 a - a potion of resistance
 d - 2 potions of might
 e - a potion of attraction
 f - 2 potions of heal wounds
 l - 2 potions of curing
 p - 3 potions of mutation
 r - a potion of haste

Dungeon Overview and Level Annotations

Branches:
Dungeon (8/15)              Sewer (visited)
 Temple: D:4-7         Lair: D:8-11

Altars:
Ashenzari
Nemelex Xobeh
Trog
Wu Jian
The Shining One

Shops:
D:1 !   D:4 ?

Annotations:
D:4 1 runed translucent door, Crazy Yiuf


Message History

You slash the ice beast!
You kill the ice beast!
You start resting.
The centaur shoots an arrow.
The arrow misses you.
You hear a shout!
You throw a boomerang.
The boomerang barely misses the centaur.
The centaur shoots an arrow.
The arrow hits you.
The centaur shoots an arrow.
The arrow hits you but does no damage.
You are too injured to fight recklessly!
5511 ||| READING scroll labelled QUNTUR SOMORIO.
As you read the scroll labelled QUNTUR SOMORIO, it crumbles to dust.
It is a scroll of brand weapon.
Your +1 war axe craves living souls!
Y - a +1 war axe of draining (weapon)
The centaur shoots an arrow.
The arrow hits you.
You are too injured to fight recklessly!
5512 ||| READING 2 scrolls labelled DIACWE TOTOWEBB.
As you read the scroll labelled DIACWE TOTOWEBB, it crumbles to dust.
You assume a fearsome visage.
The centaur looks frightened!
It was a scroll of fear.
You are too injured to fight recklessly!
5513 ||| READING 4 scrolls of identify.
As you read the scroll of identify, it crumbles to dust.
e - a potion of attraction
5513 ||| IDENTIFYING bubbling emerald potion The centaur begs for mercy.
Cornered, the centaur turns to fight!
The centaur wields a +0 shortbow.
The centaur shoots an arrow.
The arrow hits you!
You hear a shout!
You are too injured to fight recklessly!
5514 ||| DROPPING scroll of fear.
You drop a scroll of fear.
You hear a shout!
The centaur shoots an arrow.
The arrow hits you!
The centaur shoots an arrow.
The arrow hits you.
5515 ||| READING 3 scrolls of teleportation.
As you read the scroll of teleportation, it crumbles to dust.
You feel strangely unstable.
The centaur shoots an arrow.
The arrow hits you.
The centaur shoots an arrow.
The arrow hits you.
You die...

#5c~~~~~~~~~#
cc~~~~~Y~~~#.
~~~~~~~~~... ~~~~~~#....
### ~~~~.....# ~~cc
~...#...# ~~~~~
#........
~~~~~~###>....).# #....
.......@...###...##...#.
#########..###..........
#.....#.......#.
#...............
###...............
#..............#
#.#............#..
#.#..............#
#.#.#./.##...#####


You could see 2 centaurs.

Vanquished Creatures
  A troll (D:5)
  Grinder (D:4)
  Edmund (D:4)
  A water moccasin (D:6)
  A sky beast (D:6)
  2 ice beasts
  3 black bears
  A centaur (D:8)
  2 phantoms (D:4)
  5 wights (D:6)
  A scorpion (D:6)
  A howler monkey (D:6)
  A hound (D:5)
  2 orc priests (D:5)
  2 jellies (D:5)
  A sleepcap (D:5)
  An iguana (D:5)
  An orc wizard (D:4)
  Robin (D:4)
  8 adders
  4 gnolls (D:5)
  2 river rats (Sewer)
  A worm (D:5)
  10 orcs
  14 ball pythons
  10 bats
  7 endoplasms
  3 giant cockroaches
  14 goblins
  11 hobgoblins
  4 jackals
  5 kobolds
  7 quokkas
  4 frilled lizards
  4 rats
137 creatures vanquished.

Notes
Turn   | Place    | Note
-------+----------+-------------------------------------------
     0 | D:1      | qw the Gargoyle Fighter began the quest for the Orb.
     0 | D:1      | Reached XP level 1. HP: 14/14 MP: 1/1
     0 | D:1      | 0 ||| qw: Version: 0.2-a-102-gfc559e5
     0 | D:1      | 0 ||| qw: Game counter: 621
     0 | D:1      | 0 ||| qw: Always use a shield: true
     0 | D:1      | 0 ||| qw: God list: Okawaru
     0 | D:1      | 0 ||| qw: Allow faded altars: false
     0 | D:1      | 0 ||| qw: Do Orc after D:15 true
     0 | D:1      | 0 ||| qw: Do second Lair branch before Depths: true
     0 | D:1      | 0 ||| qw: Lair rune preference: random
     0 | D:1      | 0 ||| qw: Plans: Normal, Zot:1-4, Slime:5, God:TSO, Crypt,
                  | Tomb, Pan, Hells, Abyss, Win
     0 | D:1      | 0 ||| PLANNING D:1-11
    16 | D:1      | Reached skill level 2 in Axes
   189 | D:1      | Found Ififud's Distillery.
   214 | D:1      | 214 ||| SHOPLISTING 2 potions of resistance (240 gold, have
                  | 18).
   214 | D:1      | 214 ||| SHOPLISTING potion of curing (36 gold, have 18).
   214 | D:1      | 214 ||| SHOPLISTING potion of heal wounds (60 gold, have
                  | 18).
   214 | D:1      | 214 ||| SHOPLISTING potion of might (48 gold, have 18).
   275 | D:1      | Reached XP level 2. HP: 19/19 MP: 2/2
   990 | D:1      | 990 ||| UPGRADING to +0 chain mail.
  1000 | D:1      | 1000 ||| DROPPING +0 scale mail.
  1001 | D:1      | 1001 ||| UPGRADING to +0 plate armour.
  1011 | D:1      | 1011 ||| DROPPING +0 chain mail.
  1012 | D:1      | 1012 ||| READING 2 scrolls labelled UWODUI BEFOMU.
  1013 | D:1      | 1013 ||| DRINKING 2 murky coppery potions.
  1014 | D:1      | 1014 ||| DROPPING scroll of vulnerability.
  1015 | D:1      | 1015 ||| DROPPING potion of flight.
  1036 | D:2      | 1036 ||| STAIRDANCE
  1039 | D:1      | Reached skill level 3 in Axes
  1087 | D:2      | Reached XP level 3. HP: 23/23 MP: 3/3
  1221 | D:2      | 1221 ||| Stepping ~*~*~tactically~*~*~ (stealth).
  1417 | D:2      | 1417 ||| UPGRADING to amulet of the acrobat.
  1422 | D:2      | 1422 ||| READING scroll labelled NIDUXA LUBOHI.
  1426 | D:2      | 1426 ||| READING scroll labelled QUT KA REMO.
  1427 | D:2      | 1427 ||| DRINKING 2 blue potions.
  1428 | D:2      | 1428 ||| DROPPING potion of brilliance.
  1753 | D:3      | Noticed a black bear
  1762 | D:3      | HP: 5/23 [black bear (2)]
  1765 | D:3      | HP: 2/23 [black bear (2)]
  1766 | D:3      | Killed a black bear
  1767 | D:3      | Reached skill level 4 in Axes
  1767 | D:3      | Reached XP level 4. HP: 3/28 MP: 4/4
  1767 | D:3      | Reached XP level 5. HP: 4/32 MP: 5/5
  2187 | D:3      | 2187 ||| UPGRADING to ring of protection from fire.
  2188 | D:3      | 2188 ||| READING 2 scrolls labelled LOAFYO POHOV.
  2189 | D:3      | 2189 ||| READING scroll labelled ENICENN GUIDGH.
  2190 | D:3      | 2190 ||| DRINKING 2 fizzy coppery potions.
  2234 | D:4      | Noticed Robin
  2235 | D:4      | 2235 ||| PLANNING SEWER
  2250 | D:4      | Killed Robin
  2257 | D:4      | Reached skill level 5 in Axes
  2292 | D:4      | Found a broken altar of Ashenzari.
  2339 | D:4      | Found a glowing drain.
  2340 | D:4      | 2340 ||| UPGRADING to +0 helmet.
  2345 | D:4      | 2345 ||| READING 2 scrolls of identify.
  2345 | D:4      | 2345 ||| IDENTIFYING clear potion
  2358 | D:4      | Noticed Grinder
  2368 | D:4      | Paralysed by Grinder for 3 turns
  2374 | D:4      | Paralysed by Grinder for 4 turns
  2380 | D:4      | Killed Grinder
  2381 | D:4      | Reached XP level 6. HP: 30/40 MP: 6/6
  2423 | Sewer    | Entered a sewer
  2764 | Sewer    | 2764 ||| Stepping ~*~*~tactically~*~*~ (water).
  2783 | Sewer    | 2783 ||| Stepping ~*~*~tactically~*~*~ (water).
  2838 | Sewer    | Reached XP level 7. HP: 43/44 MP: 7/7
  3032 | Sewer    | 3032 ||| UPGRADING to +0 cloak.
  3037 | Sewer    | 3037 ||| READING scroll labelled DOANUOPHOWK.
  3038 | Sewer    | 3038 ||| READING scroll labelled UNAMAYL LASM.
  3039 | Sewer    | 3039 ||| READING 2 scrolls of identify.
  3039 | Sewer    | 3039 ||| IDENTIFYING coppery potion
  3040 | Sewer    | 3040 ||| DROPPING potion of magic.
  3041 | Sewer    | 3041 ||| DROPPING potion of degeneration.
  3064 | D:4      | 3064 ||| PLANNING D:1-11
  3091 | D:4      | Found Futeeq's Magic Scroll Emporium.
  3102 | D:4      | 3102 ||| BUYING scroll of enchant weapon (97 gold).
  3102 | D:4      | Bought a scroll of enchant weapon for 97 gold pieces
  3102 | D:4      | 3102 ||| BUYING scroll of identify (26 gold).
  3102 | D:4      | Bought a scroll of identify for 26 gold pieces
  3102 | D:4      | 3102 ||| BUYING scroll of teleportation (39 gold).
  3102 | D:4      | Bought a scroll of teleportation for 39 gold pieces
  3102 | D:4      | 3102 ||| BUYING scroll of teleportation (39 gold).
  3102 | D:4      | Bought a scroll of teleportation for 39 gold pieces
  3102 | D:4      | 3102 ||| READING scroll of enchant weapon.
  3102 | D:4      | 3102 ||| ENCHANTING +0 war axe.
  3142 | D:4      | 3142 ||| Stepping ~*~*~tactically~*~*~ (stealth).
  3143 | D:4      | 3143 ||| Stepping ~*~*~tactically~*~*~ (stealth).
  3159 | D:4      | 3159 ||| DROPPING +0 club.
  3172 | D:4      | 3172 ||| Stepping ~*~*~tactically~*~*~ (stealth).
  3173 | D:4      | 3173 ||| Stepping ~*~*~tactically~*~*~ (stealth).
  3175 | D:4      | 3175 ||| Stepping ~*~*~tactically~*~*~ (stealth).
  3216 | D:4      | Reached skill level 6 in Axes
  3251 | D:4      | Found an ornate altar of the Wu Jian Council.
  3299 | D:4      | 3299 ||| Stepping ~*~*~tactically~*~*~ (hiding).
  3597 | D:4      | Found a runed translucent door.
  3598 | D:4      | Noticed Crazy Yiuf
  3721 | D:4      | Identified the +7 whip of Intuition {freeze, rF+++ Dex+3
                  | Stlth-}
  3723 | D:4      | 3723 ||| DROPPING +4 whip.
  3780 | D:4      | 3780 ||| Stepping ~*~*~tactically~*~*~ (hiding).
  3781 | D:4      | 3781 ||| Stepping ~*~*~tactically~*~*~ (hiding).
  3918 | D:4      | Noticed Edmund
  3930 | D:4      | Killed Edmund
  4194 | D:4      | 4194 ||| UPGRADING to ring of willpower.
  4195 | D:4      | 4195 ||| UPGRADING to +4 ring of slaying {mikee}.
  4197 | D:4      | 4197 ||| UPGRADING to ring of protection from fire.
  4199 | D:4      | 4199 ||| DRINKING 2 brown potions.
  4200 | D:4      | 4200 ||| READING 3 scrolls of identify.
  4200 | D:4      | 4200 ||| IDENTIFYING black potion
  4228 | D:5      | Entered Level 5 of the Dungeon
  4238 | D:5      | Noticed a troll
  4244 | D:5      | HP: 9/44 [troll (6)]
  4245 | D:5      | 4245 ||| READING 4 scrolls of teleportation.
  4245 | D:5      | HP: 4/44 [troll (5)]
  4246 | D:5      | 4246 ||| DRINKING potion of heal wounds.
  4247 | D:5      | Killed a troll
  4248 | D:5      | Reached skill level 7 in Axes
  4248 | D:5      | Reached XP level 8. HP: 36/50 MP: 8/8
  4250 | D:5      | 4250 ||| FLEEEEING.
  4251 | D:5      | 4251 ||| FLEEEEING.
  4252 | D:5      | 4252 ||| FLEEEEING.
  4253 | D:5      | 4253 ||| FLEEEEING.
  4254 | D:5      | 4254 ||| FLEEEEING.
  4255 | D:5      | 4255 ||| FLEEEEING.
  4256 | D:5      | 4256 ||| STAIRDANCE
  4368 | D:5      | 4368 ||| Stepping ~*~*~tactically~*~*~ (hiding).
  4369 | D:5      | 4369 ||| Stepping ~*~*~tactically~*~*~ (hiding).
  4382 | D:5      | Reached skill level 1 in Dodging
  4531 | D:5      | 4531 ||| Stepping ~*~*~tactically~*~*~ (stealth).
  4539 | D:5      | Reached skill level 1 in Throwing
  4544 | D:5      | 4544 ||| Stepping ~*~*~tactically~*~*~ (hiding).
  4547 | D:5      | 4547 ||| Stepping ~*~*~tactically~*~*~ (hiding).
  4564 | D:5      | 4564 ||| DROPPING scarf of harm.
  4565 | D:5      | 4565 ||| READING scroll labelled KAQY GITZEAT.
  4623 | D:5      | Found a glowing golden altar of the Shining One.
  4952 | D:5      | Found a sparkling altar of Nemelex Xobeh.
  5030 | D:6      | Reached skill level 8 in Axes
  5092 | D:6      | Reached skill level 6 in Fighting
  5098 | D:6      | Reached XP level 9. HP: 48/55 MP: 9/9
  5110 | D:6      | Reached skill level 9 in Axes
  5388 | D:6      | Found a bloodstained altar of Trog.
  5391 | D:6      | You fall into a shaft and drop 2 floors!
  5432 | D:8      | 5432 ||| Stepping ~*~*~tactically~*~*~ (hiding).
  5460 | D:8      | 5460 ||| Stepping ~*~*~tactically~*~*~ (stealth).
  5511 | D:8      | 5511 ||| READING scroll labelled QUNTUR SOMORIO.
  5512 | D:8      | 5512 ||| READING 2 scrolls labelled DIACWE TOTOWEBB.
  5513 | D:8      | 5513 ||| READING 4 scrolls of identify.
  5513 | D:8      | 5513 ||| IDENTIFYING bubbling emerald potion
  5514 | D:8      | 5514 ||| DROPPING scroll of fear.
  5514 | D:8      | HP: 11/55 [centaur/arrow (7)]
  5515 | D:8      | 5515 ||| READING 3 scrolls of teleportation.
  5515 | D:8      | HP: 5/55 [centaur/arrow (3)]
  5515 | D:8      | Shot with an arrow by a centaur

Levels and vault maps discovered:
D:1:      dpeg_arrival_tiny_b, layout_basic, serial_shops,
          nicolae_shop_pleasant_corner_grove
D:2:      layout_rooms, kennysheep_nub
D:3:      layout_loops_ring
D:4:      layout_basic, ashenzari_altar_1, nicolae_wu_jian_wuxing_cycle,
          serial_shops, nicolae_square_shop, cheibrodos_sewer_entry_drain,
          minmay_statues_item, minmay_misc_feat_tiny, uniq_grinder, uniq_robin,
          uniq_crazy_yiuf_cottage, uniq_edmund
D:5:      layout_rooms, mainiacjoe_overflow_paths, nemelex_diamond_rough_becter,
          fountainhead, minmay_crystal_water, grunt_ministairs_1,
          nicolae_kite_square_tiling_tiny
D:6:      layout_loops_corners, trog_ov_bears_minmay,
          minmay_temple_entry_crystal_x, gammafunk_ghost_arena,
          grunt_ministairs_15
D:8:      layout_rooms, mainiacjoe_overflow_alcove_2, centaur_isle

Skill      XL: |  1  2  3  4  5  6  7  8  9 |
---------------+----------------------------+-----
Axes           | 2 3 4 5 7 8 9 |  9.0
Fighting       | 5 6 |  6.1
Armour         | 4 5 |  5.7
Dodging        | 1 |  1.2
Throwing       | 1 |  1.0
Shields        | 4 |  4.4

Action                     |  1- 3 |  4- 6 |  7- 9 || total
---------------------------+-------+-------+-------++-------
  Melee: War axe           |   114 |   110 |   171 ||   395
  Throw: Boomerang         |    27 |    37 |    62 ||   126
    Use: Scroll            |     3 |     3 |    11 ||    17
         Potion            |     2 |     1 |     2 ||     5
 Armour: Scale mail        |    22 |       |       ||    22
         Plate armour      |    52 |    94 |   135 ||   281
  Dodge: Dodged            |    44 |    45 |    50 ||   139
  Block: Buckler           |    23 |    27 |    43 ||    93

Table legend:
 A = Non-vault XP
 B = Vault XP
 C = Vault XP percentage of total XP
 D = Non-vault monster count
 E = Vault monster count
 F = Vault count percentage of total count
                 A         B        C        D         E       F
            +---------+---------+-------+---------+---------+-------
      Total |    1690 |    1483 |  46.7 |      84 |      53 |  38.7
            +---------+---------+-------+---------+---------+-------
        D:1 |      33 |       0 |   0.0 |      18 |       0 |   0.0
        D:2 |      18 |       0 |   0.0 |      10 |       0 |   0.0
        D:3 |     150 |       0 |   0.0 |      18 |       0 |   0.0
        D:4 |     289 |     457 |  61.3 |      16 |      12 |  42.9
        D:5 |     585 |      97 |  14.2 |      17 |       5 |  22.7
        D:6 |     488 |     684 |  58.4 |       4 |       8 |  66.7
        D:8 |     127 |     110 |  46.4 |       1 |       1 |  50.0
      Sewer |       0 |     135 | 100.0 |       0 |      27 | 100.0
            +---------+---------+-------+---------+---------+-------
